 Dungeon Crawl Stone Soup version 0.20-a0-791-gf6451d4 (webtiles) character file.

35 Espgualade the Skirmisher (level 3, -1/22 HPs)
             Began as a Tengu Ice Elementalist on Mar 1, 2017.
             Slain by a worm (7 damage)
             ... on level 2 of the Dungeon.
             The game lasted 00:03:39 (1233 turns).

Espgualade the Skirmisher (Tengu Ice Elementalist)  Turns: 1233, Time: 00:03:40

Health: -1/22      AC:  2    Str:  8    XL:     3   Next: 35%
Magic:  3/7        EV: 12    Int: 16    God:
Gold:   112        SH:  0    Dex: 14    Spells: 0/6 levels left

rFire    . . .     SeeInvis +   h - +3 dagger (holy)
rCold    . . .     Gourm    .   a - +0 robe
rNeg     + . .     Faith    .   (no shield)
rPois    .         Spirit   .   (helmet restricted)
rElec    .         Reflect  .   (no cloak)
rCorr    .         Harm     .   (no gloves)
MR       .....                  (boots unavailable)
Stlth    ++........             (no amulet)
Regen    0.1/turn               i - ring of see invisible
MPRegen  0.1/turn               e - ring of positive energy

@: no status effects
A: beak, talons 3
a: no special abilities


You were on level 2 of the Dungeon.
You were near starving.

You visited 1 branch of the dungeon, and saw 2 of its levels.

You collected 112 gold pieces.

Inventory:

Hand Weapons
 h - a +3 dagger of holy wrath (weapon)
Armour
 a - a +0 robe (worn)
Jewellery
 e - a ring of positive energy (left hand)
 i - a ring of see invisible (right hand)
Scrolls
 d - a scroll of identify
 k - a scroll of remove curse {unknown}
 m - a scroll of fear {unknown}
Potions
 f - a potion of magic {unknown}
 j - a potion of curing {unknown}
 l - 2 potions of flight {unknown}
Books
 b - a book of Frost

   Spells                             Type                      Level
   a - Freeze                         Ice                          1
   b - Throw Frost                    Conjuration/Ice              2
   c - Ozocubu's Armour               Charms/Ice                   3
   d - Throw Icicle                   Conjuration/Ice              4
   e - Summon Ice Beast               Ice/Summoning                4
Comestibles
 c - 3 bread rations
 g - a meat ration


   Skills:
 + Level 2.8 Fighting
 - Level 2.1 Dodging
 - Level 2.0 Stealth
 - Level 2.0 Spellcasting
 - Level 1.3 Conjurations
 - Level 2.6 Ice Magic


You couldn't memorise any spells.
You knew the following spells:

 Your Spells              Type           Power        Failure   Level  Hunger
a - Freeze                Ice            ##..         10%         1    #......
b - Throw Frost           Conj/Ice       #.....       14%         2    ###....
c - Ozocubu's Armour      Chrm/Ice       #.......     38%         3    ###....


Dungeon Overview and Level Annotations

Branches:
Dungeon (2/15)

Altars:
Uskayaw


Innate Abilities, Weirdness & Mutations

You have a beak for a mouth.
You have claws for feet.


Message History

Aim: a worm (heavily wounded)
The puff of frost hits the worm.
The worm is severely wounded.
Casting: Throw Frost
Confirm with . or Enter, or press ? or * to list all spells.
Aiming: Freeze
Press: ? - help, Shift-Dir - straight line, f/p - worm
Aim: a worm (severely wounded)
You freeze the worm.
The worm is severely wounded.
You are near starving!
You hit the worm. Your kick misses the worm.
The worm is severely wounded.
The worm barely misses you.
You hit the worm but do no damage.
The worm is severely wounded.
You hit the worm.
The worm is severely wounded.
The worm bites you!
You die...

.........#....#########.##.#
.........#............#.##.#
###......#...########.#..#
#...........># #.......#
.........).#.#####.##.#..#
...........#.#........#..#
÷............#.####.######
..####.......#.#...........
..# ###........@##.#######
..# ..........w....# ..#
...........##### ..#
.......†..## ..# ........#.#
..# ..........# .......####
....... #######


You could see a worm.

Vanquished Creatures
  A worm (D:2)
  2 dart slugs (D:1)
  2 leopard geckos (D:1)
  A ball python (D:1)
  A giant cockroach (D:2)
  5 goblins
  A hobgoblin (D:2)
  2 jackals (D:1)
  2 kobolds (D:1)
  A quokka (D:2)
  A bat (D:1)
  4 frilled lizards
  2 rats (D:2)
25 creatures vanquished.

Notes
Turn   | Place    | Note
-------+----------+-------------------------------------------
     0 | D:1      | Espgualade the Tengu Ice Elementalist began the quest for the Orb.
     0 | D:1      | Reached XP level 1. HP: 10/10 MP: 4/4
    14 | D:1      | Reached skill level 1 in Fighting
    21 | D:1      | You fall through a shaft!
    21 | D:2      | Found a hide-covered altar of Uskayaw.
    21 | D:2      | Noticed a dagger
    21 | D:2      | Noticed a hand axe
   116 | D:2      | Reached XP level 2. HP: 12/16 MP: 3/6
   847 | D:1      | Reached XP level 3. HP: 21/22 MP: 7/7
   991 | D:1      | Learned a level 2 spell: Throw Frost
   995 | D:1      | Learned a level 3 spell: Ozocubu's Armour
  1233 | D:2      | Slain by a worm

Vault maps used:
D:1:      dpeg_arrival_stonehenge_8_columns
D:2:      dancing_weapons_uskayaw, first_bread, grunt_gozag_breadcrumbs

Skill      XL: |  1  2 |
---------------+-------+-----
Fighting       | 1 2 |  2.8
Dodging        | |  2.1
Stealth        | |  2.0
Spellcasting   | |  2.0
Conjurations   | |  1.3
Ice Magic      | |  2.6

Action                   || total
-------------------------++-------
Melee: Dagger            ||    40
       Kick              ||     5
       Peck              ||     6
 Cast: Freeze            ||    27
       Throw Frost       ||     1
  Use: Scroll            ||     2
 Stab: Sleeping          ||     2
Armor: Robe              ||    10
Dodge: Dodged            ||    46
